 Dungeon Crawl Stone Soup version 0.19.3-1-g3169bf9 (console) character file.

1677 Grinner the Basher (level 9, -1/84 HPs)
             Began as an Ogre Monk on Jan 26, 2017.
             Was a Believer of Okawaru.
             Slain by a centaur (2 damage)
             ... on level 5 of the Dungeon.
             The game lasted 00:19:51 (7421 turns).

Grinner the Basher (Ogre Monk)                      Turns: 7421, Time: 00:19:51

Health: -1/84      AC:  6    Str: 23      XL:     9   Next: 1%
Magic:  8/9        EV: 14    Int:  9      God:    Okawaru [**....]
Gold:   303        SH:  0    Dex: 13 (14) Spells: 0 memorised, 8 levels left

rFire  + . .     SeeInvis .     p - -3 flail (curse)
rCold  . . .     Gourm    .     o - +0 robe {MR+}
rNeg   . . .     Faith    .     (no shield)
rPois  .         Spirit   .     (helmet restricted)
rElec  .         Reflect  .     d - +0 cloak
rCorr  .         Harm     .     (gloves unavailable)
MR     +....                    (boots unavailable)
Stlth  ++........               (no amulet)
                                (no ring)
                                b - ring of protection from fire

@: lethally poisoned (-1 -> -8)
A: unfitting armour, hooves 1, molten scales 1, agile 1, deterioration 1, strong
1, tough skin 1
a: Heroism, Renounce Religion


You were on level 5 of the Dungeon.
You worshipped Okawaru.
Okawaru was pleased with you.
You were very hungry.

You visited 2 branches of the dungeon, and saw 7 of its levels.

You collected 303 gold pieces.

Inventory:

Hand Weapons
 a - a +0 mace
 g - a +0 flail
 p - a cursed -3 flail (weapon)
Missiles
 k - 6 tomahawks (quivered)
Armour
 d - a +0 cloak (worn)
 o - a +0 robe of magic resistance (worn)
Jewellery
 b - a ring of protection from fire (left hand)
Wands
 i - a wand of acid (0/15)
 r - a wand of paralysis (6/24)
Scrolls
 h - 5 scrolls of identify
 n - a scroll of amnesia
Potions
 e - 2 potions of haste
 f - 2 potions of brilliance
Comestibles
 c - 3 bread rations
 j - a meat ration


   Skills:
 - Level 4.0 Fighting
 * Level 10.8 Maces & Flails
 - Level 2.0 Throwing
 * Level 7.4 Dodging
 - Level 1.4 Stealth


You had 8 spell levels left.
You didn't know any spells.

Dungeon Overview and Level Annotations

Branches:
Dungeon (6/15)             Temple (1/1) D:5

Altars:
Cheibriados
Dithmenos
Gozag
Hepliaklqana
Kikubaaqudgha
Makhleb
Nemelex Xobeh
Okawaru
Qazlal
Sif Muna
Trog
Uskayaw
Xom
Yredelemnul

Annotations:
D:5 miculber's ghost, novice SpAs


Innate Abilities, Weirdness & Mutations

You are too large for most types of armour.
You have tough skin. (AC +1)
You have large cloven feet.
You are partially covered in molten scales. (AC +2)
You are agile. (Dex +2)
Your body sometimes deteriorates upon taking damage.
Your muscles are strong. (Str +2)


Message History

You feel sick. The centaur barely misses you.
The centaur hits you but does no damage.
You hit the centaur. You kick the centaur, but do no damage.
The centaur is moderately wounded.
* * * LOW HITPOINT WARNING * * *
You feel sick. The centaur hits you.
* * * LOW HITPOINT WARNING * * *
You hit the centaur.
The centaur is moderately wounded.
* * * LOW HITPOINT WARNING * * *
You feel sick. The centaur closely misses you.
You sock the centaur! Your kick misses the centaur.
The centaur is severely wounded.
* * * LOW HITPOINT WARNING * * *
You feel sick. The centaur barely misses you.
You hit the centaur but do no damage. You kick the centaur, but do no damage.
The centaur is severely wounded.
* * * LOW HITPOINT WARNING * * *
You feel sick. The centaur hits you.
You die...

#.............# #........
##.............##########.......#
..............................###
##......c......######.....###.###
#.............# #.......#....
##.......(..### #.......#....
#..........# #.......#.##.
###.........(########............
...............c@............#...
............#########............
............# #...........##.#
............# #.#######.......
....#####...# #.# #...##.#
....#####...# ###.# #......#
............####...# #.....<#
.........#..#......# #########
#........#..#......# #.......#


You could see a centaur.

Vanquished Creatures
  Prince Ribbit (D:5)
  A water moccasin (D:5)
  2 phantoms
  The ghost of Grorgnorb the Skirmisher, an amateur HuWn of Nemelex Xobeh (D:3)
  A centaur (D:6)
  An ogre (D:6)
  Blork the orc (D:5)
  3 scorpions (D:4)
  A crimson imp (D:5)
  2 hounds
  2 orc priests
  An orc wizard (D:4)
  Crazy Yiuf (D:3)
  A bullfrog skeleton (D:4)
  Jessica (D:2)
  4 worker ants
  A killer bee zombie (D:6)
  Robin (D:3)
  12 gnolls
  8 adders
  A shadow imp (D:5)
  An ooze (D:1)
  An adder zombie (D:5)
  An adder skeleton (D:4)
  3 worms
  A dart slug (D:2)
  5 leopard geckos
  9 orcs
  A ball python (D:2)
  8 bats
  4 giant cockroaches
  16 goblins
  11 hobgoblins
  18 jackals
  2 quokkas
  5 frilled lizards
  6 kobolds
  A quokka zombie (D:3)
  3 rats
143 creatures vanquished.

Notes
Turn   | Place    | Note
-------+----------+-------------------------------------------
     0 | D:1      | Grinner the Ogre Monk began the quest for the Orb.
     0 | D:1      | Reached XP level 1. HP: 24/24 MP: 1/1
   149 | D:1      | Reached XP level 2. HP: 19/32 MP: 2/2
   311 | D:1      | Reached XP level 3. HP: 19/39 MP: 3/3
   424 | D:1      | Reached skill level 5 in Maces & Flails
   525 | D:2      | Noticed Jessica
   540 | D:2      | Killed Jessica
   540 | D:2      | Reached XP level 4. HP: 30/48 MP: 4/4
   703 | D:2      | Found a faded altar of an unknown god.
   756 | D:2      | Reached skill level 1 in Throwing
   774 | D:2      | Found an ancient bone altar of Kikubaaqudgha.
   958 | D:2      | Reached XP level 5. HP: 31/54 MP: 5/5
  1213 | D:3      | Noticed Robin
  1264 | D:3      | Killed Robin
  1264 | D:3      | Reached skill level 6 in Maces & Flails
  1341 | D:3      | Found a runed door.
  1400 | D:3      | Noticed Grorgnorb's ghost (amateur HuWn)
  1410 | D:3      | Gained mutation: You are partially covered in molten scales. (AC +2) [potion of mutation]
  1410 | D:3      | Gained mutation: You are agile. (Dex +2) [potion of mutation]
  1422 | D:3      | Killed Grorgnorb's ghost
  1422 | D:3      | Reached XP level 6. HP: 28/62 MP: 6/6
  2364 | D:3      | Reached skill level 7 in Maces & Flails
  2897 | D:3      | Noticed Crazy Yiuf
  2903 | D:3      | Killed Crazy Yiuf
  3062 | D:4      | Gained mutation: Your body sometimes deteriorates upon taking damage. [potion of mutation]
  3062 | D:4      | Gained mutation: You have large cloven feet. [potion of mutation]
  3062 | D:4      | Gained mutation: Your muscles are strong. (Str +2) [potion of mutation]
  3125 | D:4      | Reached XP level 7. HP: 37/70 MP: 7/7
  3306 | D:4      | Reached skill level 5 in Dodging
  3397 | D:4      | Reached skill level 8 in Maces & Flails
  4484 | D:5      | Entered Level 5 of the Dungeon
  4497 | D:5      | Noticed miculber's ghost (novice SpAs)
  5129 | D:5      | Found an opulent altar of Gozag.
  5412 | D:5      | Found a staircase to the Ecumenical Temple.
  5413 | D:5      | Noticed Prince Ribbit
  5427 | Temple   | Entered the Ecumenical Temple
  5631 | Temple   | Became a worshipper of Warmaster Okawaru
  5631 | Temple   | Reached * piety under Okawaru
  5631 | Temple   | Reached ** piety under Okawaru
  5790 | D:4      | Reached skill level 9 in Maces & Flails
  5790 | D:4      | Reached XP level 8. HP: 41/78 MP: 8/8
  5975 | D:5      | Killed Prince Ribbit
  6264 | D:5      | Noticed Blork the orc
  6290 | D:5      | Killed Blork the orc
  6666 | D:5      | Reached skill level 10 in Maces & Flails
  6801 | D:6      | Found a stormy altar of Qazlal.
  7411 | D:5      | Reached XP level 9. HP: 22/84 MP: 7/9
  7418 | D:5      | HP: 4/84 [centaur (2)]
  7421 | D:5      | HP: 1/84 [poisoned by a water moccasin]
  7421 | D:5      | Slain by a centaur

Skill      XL: |  1  2  3  4  5  6  7  8 |
---------------+-------------------------+-----
Dodging        | 3 4 6 7 |  7.4
Maces & Flails | 5 6 7 9 10 | 10.8
Throwing       | 1 2 |  2.0
Fighting       | |  4.0
Stealth        | |  1.4

Action                   |  1- 3 |  4- 6 |  7- 9 || total
-------------------------+-------+-------+-------++-------
Melee: Mace              |   102 |    25 |       ||   127
       Flail             |       |   343 |   966 ||  1309
       Kick              |       |     9 |   112 ||   121
       Punch             |       |       |     2 ||     2
Throw: Tomahawk          |       |    16 |    22 ||    38
Invok: Heroism           |       |       |     9 ||     9
Evoke: Wand              |       |       |     3 ||     3
  Use: Scroll            |       |     5 |     2 ||     7
       Potion            |       |    12 |     2 ||    14
 Stab: Sleeping          |     1 |     3 |       ||     4
       Invisible         |       |     1 |       ||     1
  Eat: Chunk             |       |     8 |     5 ||    13
       Meat ration       |       |       |     2 ||     2
Armor: Robe              |    31 |   107 |   496 ||   634
       Skin              |       |     6 |     4 ||    10
Dodge: Dodged            |    80 |   249 |   413 ||   742
